 Dungeon Crawl Stone Soup version 0.28.0-45-g0d030f2227 (webtiles) character file.

Game seed: 6983884749365597770

935 Zeld the Destroyer (level 7, -1/55 HPs)
             Began as a Red Draconian Conjurer on Apr 8, 2022.
             Slain by an orc wizard
             ... wielding a +1 dagger of electrocution
              (3 damage)
             ... on level 5 of the Dungeon.
             The game lasted 00:05:49 (5609 turns).

Zeld the Destroyer (Red Draconian Conjurer)         Turns: 5609, Time: 00:05:51

Health: -1/55      AC:  9    Str:  9    XL:     7   Next: 87%
Magic:  0/14       EV: 12    Int: 20    God:
Gold:   17         SH:  0    Dex: 10    Spells: 8/15 levels left

rFire   + . .      SeeInvis .   (no weapon)
rCold   . . .      Faith    .   (no shield)
rNeg    . . .      Spirit   .   (armour unavailable)
rPois   .          Reflect  .   e - +1 hat
rElec   .          Harm     .   (no cloak)
rCorr   .          Rampage  .   p - +1 pair of gloves
Will    .....                   (no boots)
Stlth   ++........              (no amulet)
HPRegen 0.18/turn               (no ring)
MPRegen 0.14/turn               (no ring)

@: short of breath
A: breathe fire, AC +6, unfitting armour, fire resistance 1, cold-blooded
a: Breathe Fire


You were on level 5 of the Dungeon.
You visited 1 branch of the dungeon, and saw 5 of its levels.

You collected 203 gold pieces.
You spent 186 gold pieces at shops.

Inventory:

Armour
 e - a +1 hat (worn)
 p - a +1 pair of gloves (worn)
Wands
 k - a wand of flame (1)
 q - a wand of polymorph (5)
Scrolls
 c - 3 scrolls of teleportation
 d - 2 scrolls of identify
 r - a scroll of amnesia
Potions
 a - 6 potions of curing
 b - 2 potions of attraction {unknown}
 f - a potion of berserk rage {unknown}
 g - 2 potions of magic {unknown}
 i - 2 potions of lignification {unknown}
 j - a potion of flight {unknown}
 l - a potion of heal wounds {unknown}
 m - a potion of brilliance {unknown}
 o - a potion of haste {unknown}


   Skills:
 + Level 2.0 Fighting
 - Level 2.0 Dodging
 - Level 2.0 Stealth
 + Level 4.7 Spellcasting
 * Level 8.0 Conjurations
 + Level 1.8 Evocations


You had 8 spell levels left.
You knew the following spells:

 Your Spells              Type           Power      Damage    Failure   Level
a - Magic Dart            Conj           100%       1d8       1%          1
b - Searing Ray           Conj           72%        2d7       1%          2
c - Fulminant Prism       Conj/Hex       10%        3d9       22%         4

Your spell library contained the following spells:

 Spells                   Type           Power      Damage    Failure   Level
 Dazzling Flash           Conj/Hex       40%        N/A       7%          3
 Iskenderun's Mystic Bla  Conj/Tloc      20%        2d6       22%         4


Dungeon Overview and Level Annotations

Branches:
Dungeon (5/15)
 Temple: D:4-7

Altars:
Qazlal

Shops:
D:2 (   D:5 *

Annotations:
D:4 Eustachio


Innate Abilities, Weirdness & Mutations

You can breathe blasts of fire.
Your fiery red scales are hard. (AC +6)
You cannot fit into any form of body armour.
Your flesh is heat resistant. (rF+)
You are cold-blooded and may be slowed by cold attacks.


Message History

You don't have enough magic to cast this spell.
Unknown command.
Aiming: Throw Flame
Press: ? - help, Shift-Dir - straight line, f/p - bullfrog zombie
Aim: a bullfrog zombie (moderately damaged, 83% to hit)
The puff of flame hits the bullfrog zombie.
The bullfrog zombie is heavily damaged.
The bullfrog zombie barely misses you. The orc wizard barely misses you.
Unknown command.
Aiming: Breathe Fire (5% risk of failure)
Press: ? - help, Shift-Dir - straight line, f/p - bullfrog zombie
Aim: a bullfrog zombie (heavily damaged, 81% to hit)
You breathe a blast of fire.
The fiery breath hits the bullfrog zombie!
The bullfrog zombie is almost destroyed.
The bullfrog zombie misses you.
The orc wizard gestures wildly while chanting.
The orc wizard flickers and vanishes!
The bullfrog zombie barely misses you.
You hit the bullfrog zombie.
The bullfrog zombie is almost destroyed.
The bullfrog zombie hits you but does no damage.
Something hits you.
You are electrocuted!
You barely miss the bullfrog zombie.
The bullfrog zombie is almost destroyed.
The bullfrog zombie hits you but does no damage.
Something hits you but does no damage.
You are electrocuted!
* * * LOW HITPOINT WARNING * * *
You closely miss the bullfrog zombie.
The bullfrog zombie is almost destroyed.
The bullfrog zombie barely misses you. Something hits you but does no damage.
Unknown command.
Casting: Magic Dart (safe; 1% risk of failure)
Confirm with . or Enter, or press ? or * to list all spells.
Aiming: Magic Dart (safe; 1% risk of failure)
Press: ? - help, Shift-Dir - straight line, f/p - bullfrog zombie
Aim: a bullfrog zombie (almost destroyed, 100% to hit)
The magic dart hits the bullfrog zombie.
The bullfrog zombie is almost destroyed.
The bullfrog zombie barely misses you. x2; Something hits you.
You die...

#........##.#
***
#........##o#
###########.#
#.# #.# #.#
#.# ######.#
#○.Z@{.#
#.######
*,*<* *,*,*
*,,,* *,***
*,* ***


You could see a bullfrog zombie.

Vanquished Creatures
  A black bear (D:5)
  2 ice beasts
  3 ogres
  2 phantoms
  A hound (D:4)
  An orc wizard (D:4)
  2 iguanas
  A killer bee zombie (D:5)
  3 adders
  A white imp (D:4)
  An adder skeleton (D:4)
  2 worms
  7 dart slugs
  An orc (D:5)
  6 endoplasms
  2 giant cockroaches
  8 goblins
  10 hobgoblins
  4 jackals (D:2)
  8 kobolds
  2 quokkas (D:2)
  5 ball pythons
  9 bats
  2 frilled lizards
  10 rats
94 creatures vanquished.

Notes
Turn   | Place    | Note
-------+----------+-------------------------------------------
     0 | D:1      | Zeld the Draconian Conjurer began the quest for the Orb.
     0 | D:1      | Reached XP level 1. HP: 14/14 MP: 3/3
   724 | D:1      | Reached XP level 2. HP: 20/20 MP: 1/5
   727 | D:1      | Learned a level 2 spell: Searing Ray
  1239 | D:2      | Reached XP level 3. HP: 26/26 MP: 1/6
  1315 | D:2      | Found Zatesh's Weapon Emporium.
  2313 | D:2      | Reached skill level 5 in Conjurations
  2417 | D:2      | Reached XP level 4. HP: 27/33 MP: 1/8
  2617 | D:2      | Identified the +9 dagger of Evolution {holy, rElec rC-
                  | Str+6 Stlth+}
  2914 | D:3      | Noticed an ice beast
  2922 | D:3      | Killed an ice beast
  2923 | D:3      | Reached XP level 5. HP: 19/38 MP: 0/9
  2929 | D:3      | Learned a level 4 spell: Fulminant Prism
  3298 | D:3      | Found a faded altar of an unknown god.
  4137 | D:4      | Reached skill level 6 in Conjurations
  4259 | D:4      | Noticed an ogre
  4260 | D:4      | Found a stormy altar of Qazlal.
  4264 | D:4      | Killed an ogre
  4265 | D:4      | Reached XP level 6. HP: 45/45 MP: 6/11
  4506 | D:4      | Noticed Eustachio
  4953 | D:4      | Reached skill level 7 in Conjurations
  5323 | D:5      | Entered Level 5 of the Dungeon
  5464 | D:5      | Your scales start taking on a fiery red colour.
  5464 | D:5      | Reached XP level 7. HP: 47/50 MP: 6/13
  5464 | D:5      | Gained mutation: Your flesh is heat resistant. (rF+) [Red
                  | Draconian growth]
  5513 | D:5      | Found Hoxah's General Store.
  5516 | D:5      | Bought a wand of polymorph (5) for 84 gold pieces
  5516 | D:5      | Bought a scroll of identify for 24 gold pieces
  5516 | D:5      | Bought a potion of curing for 36 gold pieces
  5516 | D:5      | Bought a scroll of amnesia for 42 gold pieces
  5583 | D:5      | Reached skill level 1 in Fighting
  5584 | D:5      | Reached skill level 1 in Evocations
  5588 | D:5      | Reached skill level 8 in Conjurations
  5607 | D:5      | HP: 2/55 [something (17)]
  5609 | D:5      | Slain by an orc wizard

Illustrated notes

Levels and vault maps discovered:
D:1:      dpeg_arrival_round_a, layout_basic
D:2:      minmay_diamond_boxcup, layout_loops_ring, serial_shops, shop,
          minmay_3d_cube
D:3:      layout_basic, shapermc_ecumenical_altar_notcrosses
D:4:      layout_basic, nicolae_qazlal_general_emergency, uniq_eustachio
D:5:      layout_basic, serial_shops, kennysheep_mini_moat,
          cheibrodos_sewer_entry_bend, hangedman_decor_riveting

Skill      XL: |  1  2  3  4  5  6  7 |
---------------+----------------------+-----
Dodging        | 2 |  2.0
Stealth        | 2 |  2.0
Conjurations   | 5 6 7 8 |  8.0
Spellcasting   | 3 4 |  4.7
Fighting       | 2 |  2.0
Evocations     | 1 |  1.8

Action                   |  1- 3 |  4- 6 |  7- 9 || total
-------------------------+-------+-------+-------++-------
Melee: Unarmed           |    37 |     2 |     8 ||    47
       Tailslap          |     2 |       |       ||     2
 Cast: Magic Dart        |    57 |    64 |     3 ||   124
       Searing Ray       |     7 |    15 |     3 ||    25
 Abil: Breathe Fire      |       |       |     1 ||     1
Evoke: Wand              |       |       |     1 ||     1
  Use: Scroll            |       |       |     4 ||     4
 Stab: Sleeping          |       |       |     1 ||     1
Armor: Skin              |    20 |     8 |    16 ||    44
Dodge: Dodged            |    49 |    15 |    19 ||    83
